 Dungeon Sprint DCSS version 0.18-a0-1788-g92de1ac (webtiles) character file.

22140 Kidiri the Tortoise (level 12, -20/113 HPs)
             Began as a Minotaur Fighter on Apr 20, 2016.
             Was a High Priest of Okawaru.
             Killed from afar by a thorn hunter (28 damage)
             ... with a volley of thorns
             ... in the Dungeon (Sprint IX: "|||||||||||||||||||||||||||||").
             The game lasted 00:16:29 (3251 turns).

Kidiri the Tortoise (Minotaur Fighter)              Turns: 3251, Time: 00:16:30

Health: -20/113    AC: 32    Str: 32    XL:     12   Next: 60%
Magic:  17/18      EV: 14    Int:  5    God:    Okawaru [*****.]
Gold:   1911       SH:  0    Dex:  5    Spells: 0 memorised, 11 levels left

rFire  . . .     SeeInvis .     a - +0 flail
rCold  . . .     Gourm    .     b - +1 plate armour of Trial and Error {rElec rN+++ Dex-5 Stlth+} (curse)
rNeg   + + +     Faith    .     H - +2 large shield
rPois  .         Spirit   .     (helmet restricted)
rElec  +         Dismiss  .     D - +2 cloak
rCorr  .         Reflect  .     w - +2 pair of gloves {Str+3}
SustAt .         Harm     .     c - +2 pair of boots
MR     .....     Rnd*Rage +     (no amulet)
Stlth  .......... NoTele   +    r - +3 ring of strength
                                q - +2 ring of evasion

@: confused, heroism, not resistant to hostile enchantments, extremely
unstealthy
A: retaliatory headbutt, horns 2, talons 1, berserk 1, deterioration 1, slow
regeneration 1, MP-powered wands
a: Heroism, Finesse, Renounce Religion


You were in the Dungeon.
You worshipped Okawaru.
Okawaru was extremely pleased with you.
You were full.

You visited 1 branch You collected 1911 gold pieces.

Inventory:

Hand Weapons
 a - a +0 flail (weapon)
 J - a +4 flail of protection
Missiles
 j - 3 poisoned tomahawks (quivered)
 s - 2 tomahawks
 u - 2 tomahawks of dispersal
 x - 5 poisoned javelins
 E - 2 steel tomahawks
Armour
 b - the cursed +1 plate armour of Trial and Error (worn) {rElec rN+++ Dex-5 Stlth+}
   (You found it in the Dungeon)

   It affects your dexterity (-5).
   It insulates you from electricity.
   It renders you almost immune to negative energy.
   It makes you more stealthy.
   It has a curse placed upon it.
 c - a +2 pair of boots (worn)
 w - a +2 pair of gloves of strength (worn)
 D - a +2 cloak (worn)
 H - a +2 large shield (worn)
Jewellery
 l - an uncursed ring of ice
 q - a +2 ring of evasion (left hand)
 r - a +3 ring of strength (right hand)
 F - an uncursed ring of protection from magic
 G - an uncursed ring of protection from magic
Wands
 p - a wand of acid (7/15)
 C - a wand of polymorph (13/24)
Scrolls
 k - 2 scrolls of blinking
 n - 4 scrolls of remove curse
 o - 3 scrolls of amnesia
 t - a scroll of identify
 v - a scroll of fear
 y - a scroll of recharging
 K - 2 scrolls of fog
Potions
 d - 3 potions of might
 e - 2 potions of curing
 g - 6 potions of heal wounds
 h - a potion of haste
 i - 4 potions of magic
 m - a potion of invisibility
 B - 2 potions of cure mutation
 I - 2 potions of brilliance
Comestibles
 f - 13 bread rations
 z - 31 fruits
 A - 12 meat rations


   Skills:
 + Level 12.6(17.6) Fighting
 * Level 16.2(21.2) Maces & Flails
 + Level 8.5(13.5) Throwing
 * Level 16.7(21.7) Armour
 * Level 15.1(20.1) Dodging
 * Level 16.5(21.5) Shields
 + Level 9.5 Invocations
 + Level 6.4 Evocations


You had 11 spell levels left.
You didn't know any spells.

Dungeon Overview and Level Annotations

Branches:
Dungeon (1/1)

Altars:
Cheibriados
Dithmenos
Elyvilon
Fedhas
Gozag
Kikubaaqudgha
Makhleb
Nemelex Xobeh
Okawaru
Pakellas
Qazlal
Ru
Sif Muna
Trog
Vehumet
Xom
Yredelemnul
Zin
The Shining One
Beogh
Jiyva
Lugonu

Shops:
D !}%*


Innate Abilities, Weirdness & Mutations

You reflexively headbutt those who attack you in melee.
You have a pair of horns on your head.
You have sharp toenails.
You tend to lose your temper in combat.
Your body sometimes deteriorates upon taking damage.
You regenerate slowly when monsters are visible.
You expend magic power (3 MP) to strengthen your wands.


Message History

You choke on the stench!
You are confused.
The shambling mangrove hits you.
You bludgeon the shambling mangrove!!
The shambling mangrove is almost destroyed.
You are engulfed in noxious fumes.
You choke on the stench!
You are more confused.
The shambling mangrove hits you!!
* * * LOW HITPOINT WARNING * * *
You sock the shambling mangrove!
You destroy the shambling mangrove!
The grasping roots settle back into the ground.
You are engulfed in noxious fumes.
You choke on the stench!
You are more confused.
The thorn hunter fires a volley of thorns at you.
The volley of thorns hits you!
* * * LOW HITPOINT WARNING * * *
The thorn hunter fires a volley of thorns at you.
The volley of thorns hits you!
You die...

....)).(....(')[))).))))...))))))
▓▓▓▓▓▓▓▓▓▓▓▓▓▓▓▓▓▓▓▓▓▓▓▓▓▓▓▓▓▓▓▓▓
.................................
.▓▓▓▓▓▓▓▓▓▓▓▓▓▓▓▓▓▓▓▓▓▓▓▓▓▓▓▓▓▓▓▓
.........'.=...)))))))).[[[.[[[[.
▓▓▓▓▓▓▓▓▓▓▓▓▓▓▓▓▓▓▓▓▓▓▓▓▓▓▓▓▓▓▓▓▓
.................................
.▓▓▓▓▓▓▓▓▓▓▓▓▓▓♣♣♣♣♣♣♣♣♣♣▓▓▓▓▓▓▓▓
..............†'@fykkk..
▓▓▓▓▓▓▓▓▓▓▓▓▓▓▓♣♣♣♣♣♣♣♣♣


You could see a thorn hunter, 3 swamp drakes and a vampire mosquito.

Vanquished Creatures
  A stone giant (D)
  A dire elephant (D)
  An entropy weaver (D)
  A centaur warrior (D)
  An alligator (D)
  6 orc high priests (D)
  An unseen horror (D)
  A giant orange brain (D)
  A wizard (D)
  9 orc knights (D)
  2 hill giants (D)
  A shambling mangrove (D)
  7 elephants (D)
  Maurice (D)
  A spiny frog (D)
  A rime drake (D)
  2 komodo dragons (D)
  A komodo dragon (shapeshifter) (D)
  A giant leech (D)
  A slime creature (D)
  A boulder beetle (D)
  A wyvern (D)
  A shadow (D)
  A hungry ghost (D)
  3 yaks (D)
  2 hippogriffs (D)
  2 porcupines (D)
  10 orc warriors (D)
  An ice beast (D)
  A sky beast (D)
  An ogre (D)
  An eye of draining (D)
  2 wasps (D)
  3 centaurs (D)
  A crocodile (D)
  4 giant frogs (D)
  A scorpion (D)
  An orc wizard (D)
  7 orc priests (D)
  A worker ant (D)
  2 iguanas (D)
  A gnoll (D)
  A river rat (D)
  A giant gecko (D)
  7 orcs (D)
  A bat (D)
  A giant cockroach (D)
  A goblin (D)
  A hobgoblin (D)
  A jackal (D)
  A quokka (D)
  A ball python (D)
  A giant newt (D)
106 creatures vanquished.

Vanquished Creatures (others)
  A very ugly thing (D)
  A river rat (D)
2 creatures vanquished.

Grand Total: 108 creatures vanquished

Notes
Turn   | Place    | Note
--------------------------------------------------------------
     0 | D        | Kidiri the Minotaur Fighter began the quest for the Orb.
     0 | D        | Reached XP level 1. HP: 19/19 MP: 0/0
     6 | D        | Reached skill level 1 in Dodging
   132 | D        | Reached XP level 2. HP: 27/27 MP: 1/1
   154 | D        | Found a glowing silver altar of Zin.
   154 | D        | Found a glowing golden altar of the Shining One.
   154 | D        | Found an ancient bone altar of Kikubaaqudgha.
   154 | D        | Found a basalt altar of Yredelemnul.
   154 | D        | Found a shimmering altar of Xom.
   154 | D        | Found a radiant altar of Vehumet.
   155 | D        | Found an iron altar of Okawaru.
   156 | D        | Found a burning altar of Makhleb.
   157 | D        | Found a deep blue altar of Sif Muna.
   158 | D        | Found a bloodstained altar of Trog.
   159 | D        | Found a sparkling altar of Nemelex Xobeh.
   160 | D        | Found a white marble altar of Elyvilon.
   161 | D        | Found a roughly hewn altar of Beogh.
   162 | D        | Found a viscous altar of Jiyva.
   163 | D        | Found a corrupted altar of Lugonu.
   165 | D        | Became a worshipper of Warmaster Okawaru
   167 | D        | Found a blossoming altar of Fedhas.
   168 | D        | Found a snail-covered altar of Cheibriados.
   169 | D        | Found a shadowy altar of Dithmenos.
   170 | D        | Found a stormy altar of Qazlal.
   171 | D        | Found an opulent altar of Gozag.
   172 | D        | Found a sacrificial altar of Ru.
   173 | D        | Found an oddly glowing altar of Pakellas.
   211 | D        | Noticed an ogre
   211 | D        | Noticed a scorpion
   211 | D        | Noticed a giant frog
   219 | D        | Killed an ogre
   219 | D        | Reached skill level 5 in Fighting
   219 | D        | Reached skill level 5 in Maces & Flails
   219 | D        | Reached skill level 1 in Invocations
   219 | D        | Reached XP level 3. HP: 9/36 MP: 1/3
   219 | D        | Reached XP level 4. HP: 11/42 MP: 1/4
   223 | D        | Reached * piety under Okawaru
   223 | D        | Reached skill level 5 in Dodging
   223 | D        | Reached XP level 5. HP: 9/48 MP: 1/5
   232 | D        | Reached XP level 6. HP: 12/57 MP: 1/7
   476 | D        | Noticed a hill giant
   476 | D        | Noticed a yak
   486 | D        | Killed an unseen horror
   486 | D        | Reached ** piety under Okawaru
   486 | D        | Reached XP level 7. HP: 51/66 MP: 0/9
   492 | D        | Killed a hill giant
   492 | D        | Reached *** piety under Okawaru
   492 | D        | Received a gift from Okawaru
   492 | D        | Reached skill level 10 in Maces & Flails
   492 | D        | Reached skill level 10 in Armour
   492 | D        | Reached skill level 10 in Shields
   492 | D        | Reached skill level 5 in Invocations
   492 | D        | Reached XP level 8. HP: 46/74 MP: 1/10
   509 | D        | Reached skill level 1 in Throwing
   726 | D        | Noticed a komodo dragon
   726 | D        | Noticed a spiny frog
   726 | D        | Noticed a komodo dragon
   742 | D        | Killed a komodo dragon
   742 | D        | Reached **** piety under Okawaru
   742 | D        | Reached skill level 10 in Dodging
   742 | D        | Reached XP level 9. HP: 82/82 MP: 10/12
   749 | D        | Killed a spiny frog
   759 | D        | Killed a komodo dragon
   789 | D        | Reached ***** piety under Okawaru
  1017 | D        | Noticed a rime drake
  1053 | D        | Killed a rime drake
  1053 | D        | Received a gift from Okawaru
  1060 | D        | Received a gift from Okawaru
  1342 | D        | Noticed an elephant
  1342 | D        | Noticed an elephant
  1342 | D        | Noticed an elephant
  1342 | D        | Noticed an elephant
  1342 | D        | Noticed an elephant
  1342 | D        | Noticed an elephant
  1354 | D        | Killed an elephant
  1354 | D        | Reached XP level 10. HP: 82/93 MP: 5/13
  1359 | D        | Killed an elephant
  1359 | D        | Reached skill level 1 in Evocations
  1360 | D        | Noticed a dire elephant
  1361 | D        | Noticed an elephant
  1364 | D        | Killed an elephant
  1364 | D        | Reached skill level 10 in Fighting
  1372 | D        | Killed an elephant
  1376 | D        | Killed an elephant
  1376 | D        | Reached skill level 5 in Throwing
  1390 | D        | Killed a dire elephant
  1397 | D        | Killed an elephant
  1404 | D        | Killed an elephant
  1573 | D        | Noticed Maurice
  1583 | D        | Killed Maurice
  1627 | D        | Noticed an orc knight
  1638 | D        | Noticed an orc knight
  1659 | D        | Killed an orc knight
  1659 | D        | Reached XP level 11. HP: 61/101 MP: 9/15
  1679 | D        | Killed an orc knight
  2013 | D        | Found Lexkosua's Distillery.
  2013 | D        | Noticed an orc knight
  2013 | D        | Noticed an orc high priest
  2013 | D        | Noticed an orc high priest
  2013 | D        | Noticed an orc knight
  2013 | D        | Noticed an orc high priest
  2015 | D        | Noticed an orc high priest
  2033 | D        | Killed an orc knight
  2034 | D        | Noticed a sun demon
  2044 | D        | Killed an orc high priest
  2045 | D        | Found Haoxib's Gadget Shoppe.
  2048 | D        | Noticed an orc knight
  2055 | D        | Killed an orc high priest
  2055 | D        | Reached skill level 15 in Armour
  2056 | D        | Noticed an orc knight
  2070 | D        | Killed an orc knight
  2072 | D        | Found Poli's Food Emporium.
  2077 | D        | Noticed an orc high priest
  2086 | D        | Killed an orc high priest
  2086 | D        | Received a gift from Okawaru
  2089 | D        | Noticed a soul eater
  2092 | D        | Killed an orc high priest
  2092 | D        | Reached skill level 15 in Shields
  2094 | D        | Found Ahean's Assorted Antiques.
  2094 | D        | Noticed a soul eater
  2100 | D        | Killed an orc knight
  2104 | D        | Noticed an orc high priest
  2151 | D        | Noticed a sun demon
  2171 | D        | Killed an orc knight
  2171 | D        | Reached skill level 15 in Maces & Flails
  2178 | D        | Killed an orc high priest
  2178 | D        | Reached skill level 5 in Evocations
  2198 | D        | Killed an orc high priest
  2217 | D        | Noticed an orc knight
  2410 | D        | Killed an orc knight
  2443 | D        | Noticed an orc knight
  2453 | D        | Killed an orc knight
  2453 | D        | Reached XP level 12. HP: 112/112 MP: 17/17
  2689 | D        | Got the cursed +1 plate armour of Trial and Error {rElec rN+++ Dex-5 Stlth+}
  2754 | D        | Received a gift from Okawaru
  2760 | D        | Noticed an entropy weaver
  2771 | D        | Noticed a stone giant
  2789 | D        | Received a gift from Okawaru
  2827 | D        | Killed an entropy weaver
  2861 | D        | Killed a stone giant
  2900 | D        | Noticed a centaur warrior
  2911 | D        | Killed a centaur warrior
  2925 | D        | Gained mutation: You regenerate slowly when monsters are visible. [mutagenic meat]
  2926 | D        | Gained mutation: You have sharp toenails. [mutagenic meat]
  2927 | D        | Gained mutation: Your body sometimes deteriorates upon taking damage. [mutagenic meat]
  2928 | D        | Gained mutation: You expend magic power (3 MP) to strengthen your wands. [mutagenic meat]
  2929 | D        | Gained mutation: You tend to lose your temper in combat. [mutagenic meat]
  3191 | D        | Noticed an alligator
  3191 | D        | Noticed a green very ugly thing
  3203 | D        | Reached skill level 15 in Dodging
  3205 | D        | Noticed a thorn hunter
  3212 | D        | Killed a green very ugly thing
  3214 | D        | Killed an alligator
  3214 | D        | Received a gift from Okawaru
  3251 | D        | Killed from afar by a thorn hunter

Vault maps used:
D:        linesprint

Skill      XL: |  1  2  3  4  5  6  7  8  9 10 11 12 |
---------------+-------------------------------------+-----
Dodging        | 1 4 5 6 8 9 10 11 12 14 15 | 15.1
Shields        | 4 6 7 9 10 11 12 14 15 16 | 16.5
Maces & Flails | 3 5 6 7 9 10 11 12 13 15 16 | 16.2
Armour         | 4 6 7 9 10 11 12 14 15 16 | 16.7
Fighting       | 5 7 8 9 10 11 12 | 12.6
Invocations    | 1 2 3 4 5 6 7 8 9 |  9.5
Throwing       | 2 4 5 7 8 |  8.5
Evocations     | 3 5 6 |  6.4

Action                   |  1- 3 |  4- 6 |  7- 9 | 10-12 || total
-------------------------+-------+-------+-------+-------++-------
Melee: Flail             |    27 |    22 |   127 |   489 ||   665
       Headbutt          |     1 |     4 |    41 |   137 ||   183
Throw: Tomahawk          |       |       |       |     1 ||     1
Invok: Heroism           |       |     1 |     3 |    10 ||    14
       Finesse           |       |       |     2 |    10 ||    12
  Use: Potion            |     2 |       |       |     9 ||    11
       Scroll            |       |       |     2 |     4 ||     6
  Eat: Chunk             |       |       |     3 |    11 ||    14
       Fruit             |       |       |       |     9 ||     9
       Beef jerky        |       |       |       |     1 ||     1
Armor: Scale mail        |    16 |       |       |       ||    16
       Chain mail        |       |    11 |    15 |    19 ||    45
       Plate armour      |       |       |       |    17 ||    17
Dodge: Dodged            |     4 |     3 |    22 |    58 ||    87
Block: Shield            |     7 |     4 |    44 |    79 ||   134
       Large shield      |       |       |       |    88 ||    88
